 Dungeon Crawl Stone Soup version 0.16-a0-3458-g6d2551d (webtiles) character file.

11275 Minkie the Slicer (level 11, 67/67 HPs)
             Began as a Deep Elf Enchanter on Jan 1, 2015.
             Was an Elder of Kikubaaqudgha.
             Quit the game on level 10 of the Dungeon.
             The game lasted 01:21:37 (13900 turns).

Minkie the Slicer (Deep Elf Enchanter)             Turns: 13900, Time: 01:21:37

Health: 67/67      AC:  8    Str:  9    XL:     11   Next: 47%
Magic:  26/27      EV: 18    Int: 24    God:    Kikubaaqudgha [****..]
Gold:   922        SH:  0    Dex: 15    Spells: 4 memorised, 8 levels left

rFire  x . .     SeeInvis .     K - +0 dagger (speed)
rCold  + . .     Clarity  .     I - +2 robe
rNeg   . . .     SustAb   .     (no shield)
rPois  +         Gourm    .     (helmet restricted)
rElec  .         Spirit   .     (no cloak)
rCorr  .         Warding  .     A - +1 pair of gloves
rMut   .         Stasis   .     m - +1 pair of boots "Prutt" {Str+3 Int+3}
MR     +....                    y - amulet of regeneration
Stlth  +++.......               J - ring of poison resistance
                                t - ring of ice

@: somewhat resistant to hostile enchantments, fairly stealthy
A: antennae 1, screaming 1, spit poison 1, weak 1, no device heal 1
a: Spit Poison, Receive Corpses, Renounce Religion


You were on level 10 of the Dungeon.
You worshipped Kikubaaqudgha.
Kikubaaqudgha was greatly pleased with you.
You were not hungry.

You visited 2 branches of the dungeon, and saw 11 of its levels.
You also visited: Sewer and Bailey.

You collected 922 gold pieces.

Inventory:

Hand weapons
 w - a +0 blowgun
 K - a +0 dagger of speed (weapon)
Missiles
 x - 69 poisoned needles
Armour
 m - the +1 pair of boots "Prutt" (worn) {Str+3 Int+3}
   (You found it in a bailey)

   It affects your strength (+3).
   It affects your intelligence (+3).
 A - a +1 pair of gloves (worn)
 B - a +0 helmet
 I - a +2 robe (worn)
Jewellery
 r - an uncursed ring of fire
 t - a ring of ice (left hand)
 y - an amulet of regeneration (around neck)
 G - an uncursed ring of stealth
 J - a ring of poison resistance (right hand)
Magical devices
 v - a wand of cold (13)
 M - a wand of polymorph (12)
 N - a wand of draining (8)
 O - a wand of random effects (32)
Scrolls
 e - 4 scrolls of identify
 g - 4 scrolls of enchant armour
 l - 2 scrolls of remove curse
 n - 2 scrolls of noise
 o - 3 scrolls of recharging
 p - 2 scrolls of teleportation
 D - 3 scrolls of fog
 E - 2 scrolls of magic mapping
 H - a scroll of immolation
Potions
 h - 4 potions of haste
 i - a potion of resistance
 q - 7 potions of curing
 s - a potion of restore abilities
 F - 3 potions of brilliance
 L - a potion of flight
Books
 c - a book of Maledictions

   Spells                             Type                      Level
   a - Corona                         Hexes                        1
   b - Sure Blade                     Hexes/Charms                 2
   c - Ensorcelled Hibernation        Hexes/Ice                    2
   d - Confuse                        Hexes                        3
   e - Dazzling Spray                 Conjuration/Hexes            3
   f - Enslavement                    Hexes                        4
 k - Kikubaaqudgha's Grimoire of Sinister Arts
   (Kikubaaqudgha gifted it to you in a bailey)

   Spells                             Type                      Level
   a - Pain                           Necromancy                   1
   b - Corpse Rot                     Necromancy                   2
   c - Sublimation of Blood           Necromancy                   2
   d - Regeneration                   Charms/Necromancy            3
   e - Control Undead                 Necromancy                   4
 z - Kikubaaqudgha's Incunabulum of Necromancy
   (Kikubaaqudgha gifted it to you on level 9 of the Dungeon)

   Spells                             Type                      Level
   a - Animate Dead                   Necromancy                   4
   b - Excruciating Wounds            Charms/Necromancy            5
   c - Cigotuvi's Embrace             Necromancy                   5
   d - Dispel Undead                  Necromancy                   5
   e - Death Channel                  Necromancy                   6
Comestibles
 b - 12 fruits
 d - 6 bread rations
 f - 5 beef jerkies
 j - 4 meat rations
 u - 7 slices of pizza
 C - 4 royal jellies


   Skills:
 + Level 7.3 Fighting
 - Level 10.6 Short Blades
 + Level 9.5 Dodging
 - Level 6.0 Stealth
 - Level 5.0 Spellcasting
 - Level 7.0 Hexes
 + Level 5.4 Charms
 + Level 4.4 Necromancy
 - Level 4.0 Ice Magic


You had 8 spell levels left.
You knew the following spells:

 Your Spells              Type           Power        Failure   Level  Hunger
a - Regeneration          Chrm/Necr      ####......   3%          3    ##.....
b - Ensorcelled Hibernat  Hex/Ice        #####.       1%          2    None
c - Confuse               Hex            #####...     1%          3    ##.....
d - Animate Dead          Necr           N/A          17%         4    ####...


Dungeon Overview and Level Annotations

Branches:
Dungeon (10/15)            Temple (1/1) D:6            Lair (0/8) D:9
    Orc (0/4) D:10

Altars:
Ashenzari
Cheibriados
Dithmenos
Elyvilon
Fedhas
Gozag
Kikubaaqudgha
Makhleb
Nemelex Xobeh
Okawaru
Qazlal
Ru
Sif Muna
Trog
Vehumet
Xom
Yredelemnul
Zin
The Shining One

Shops:
D:7 !

Annotations:
D:8 exclusion: obsidian statue
D:9 exclusion: obsidian statue


Innate Abilities, Weirdness & Mutations

You have a pair of small antennae on your head.
You occasionally shout uncontrollably at your foes.
You can spit poison.
You are weak. (Str -2)
Potions and wands are less effective at restoring your health.


Message History

You feel a surge of power!
The sky beast looks drowsy...
The helpless sky beast fails to defend itself.
You stick the sky beast like a pincushion!!!
You kill the sky beast!
Kikubaaqudgha accepts your kill.
Found 6 gold pieces.
You see here a sky beast corpse.
You butcher the sky beast corpse.
You see here 3 mutagenic chunks of flesh.
a - 3 mutagenic chunks of flesh Eat which item? (? for menu, Esc to quit)
This meat tastes really weird.
You feel the urge to shout.
Eat which item? (? for menu, Esc to quit)
This meat tastes really weird.
Eat which item? (? for menu, Esc to quit)
This meat tastes really weird.
A pair of antennae grows on your head!
Your +0 helmet falls away!
Are you sure you want to abandon this character and quit the game? (Confirm with "yes".)

..# #....#
....#.#
.......##
.......#
....(.#####
#. $)..?..
#.##.>.##
#...@...#
##......#
#.##>###
##.##.#
#...#.#
#####.###..
#.....# ##
#.###.###
#.##....#


There were no monsters in sight!

Vanquished Creatures
  A hydra (D:8)
  Erolcha (D:9)
  An orc knight (Bailey)
  A gargoyle (D:8)
  A troll (D:9)
  4 two-headed ogres (D:9)
  2 yaks (D:8)
  A shadow (D:9)
  A wyvern (D:8)
  Eustachio (D:7)
  A hippogriff (D:7)
  2 hungry ghosts (D:9)
  Edmund (D:7)
  8 orc warriors
  3 sky beasts
  A water moccasin (D:8)
  3 ice beasts
  3 boring beetles (D:9)
  2 black bears
  2 centaurs
  12 ogres
  Sigmund (D:2)
  Duvessa (D:6)
  3 big kobolds (D:8)
  7 giant frogs
  The ghost of aori the Magician, an average SpWz (D:3)
  21 killer bees
  3 scorpions
  3 electric eels (D:9)
  3 goliath beetles
  Dowan (D:6)
  5 crimson imps
  A giant frog zombie (D:6)
  6 iguanas
  A centaur skeleton (D:7)
  An orc priest (D:7)
  5 hounds
  2 two-headed ogre zombies (D:9)
  4 giant frog skeletons
  4 orc wizards
  9 worker ants
  2 sheep (D:8)
  A hound skeleton (D:4)
  A mummy (D:6)
  A worker ant zombie (D:7)
  5 river rats (Sewer)
  19 adders
  4 shadow imps
  A worm (D:2)
  2 giant mites
  7 giant geckos
  6 oozes
  35 orcs
  15 ball pythons
  A bat zombie (D:5)
  9 giant cockroaches
  16 hobgoblins
  12 jackals
  5 quokkas
  19 bats
  A giant cockroach zombie (D:5)
  A giant gecko skeleton (D:8)
  6 giant newts
  20 goblins
  A jackal zombie (D:5)
  24 kobolds
  37 rats
  3 ballistomycetes (D:9)
  A plant (D:1)
389 creatures vanquished.

Vanquished Creatures (collateral kills)
  2 two-headed ogres (D:9)
  3 ogres (D:9)
  2 killer bees (D:9)
  2 electric eels (D:9)
  An orc wizard (D:9)
  An adder (D:9)
  An adder zombie (D:9)
  2 orcs (D:9)
  A bat (D:9)
  A hobgoblin (D:9)
  3 rats (D:9)
  2 ballistomycetes (D:9)
21 creatures vanquished.

Vanquished Creatures (others)
  A boring beetle zombie (D:9)
  A two-headed ogre zombie (D:9)
  A killer bee zombie (D:9)
  2 ogre zombies (D:9)
  A giant spore (D:9)
  A rat skeleton (D:9)
  2 ballistomycetes (D:9)
9 creatures vanquished.

Grand Total: 419 creatures vanquished

Notes
Turn   | Place    | Note
--------------------------------------------------------------
     0 | D:1      | Minkie, the Deep Elf Enchanter, began the quest for the Orb.
     0 | D:1      | Reached XP level 1. HP: 10/10 MP: 5/5
   380 | D:1      | Reached XP level 2. HP: 15/15 MP: 8/8
   384 | D:1      | Learned a level 2 spell: Ensorcelled Hibernation
   810 | D:1      | Reached XP level 3. HP: 19/19 MP: 8/11
  1611 | D:2      | Found a burning altar of Makhleb.
  1640 | D:2      | Found a basalt altar of Yredelemnul.
  1666 | D:2      | Learned a level 3 spell: Confuse
  1937 | D:2      | Reached XP level 4. HP: 24/24 MP: 11/14
  1952 | D:2      | Noticed Sigmund
  1962 | D:2      | Killed Sigmund
  1962 | D:2      | Reached skill level 1 in Ice Magic
  1962 | D:2      | Reached XP level 5. HP: 16/28 MP: 1/17
  2161 | D:2      | Found a sparkling altar of Nemelex Xobeh.
  2628 | D:3      | Noticed an ice beast
  2642 | D:3      | Killed an ice beast
  2642 | D:3      | Reached skill level 5 in Stealth
  2642 | D:3      | Reached skill level 5 in Hexes
  2738 | D:3      | Reached XP level 6. HP: 33/33 MP: 20/20
  2861 | D:3      | Reached skill level 1 in Fighting
  3139 | D:3      | Noticed aori's ghost (average SpWz)
  3150 | D:3      | Killed aori's ghost
  3759 | D:4      | Found an iron altar of Okawaru.
  4123 | D:4      | Reached XP level 7. HP: 39/39 MP: 22/22
  4129 | D:4      | Reached skill level 5 in Spellcasting
  4286 | D:4      | Reached skill level 6 in Hexes
  5117 | D:5      | Entered Level 5 of the Dungeon
  5338 | D:5      | Reached XP level 8. HP: 45/45 MP: 24/24
  5371 | D:5      | Found a glowing drain.
  5385 | D:5      | Reached skill level 7 in Hexes
  5424 | Sewer    | Entered a sewer
  6298 | D:5      | Reached skill level 5 in Short Blades
  6386 | D:5      | Found a glowing silver altar of Zin.
  6968 | D:6      | Noticed Duvessa
  6968 | D:6      | Noticed Dowan
  6992 | D:6      | Killed Duvessa
  7001 | D:6      | Killed Dowan
  7651 | D:6      | Reached XP level 9. HP: 52/52 MP: 18/25
  7690 | D:6      | Found a staircase to the Ecumenical Temple.
  7700 | Temple   | Entered the Ecumenical Temple
  7757 | Temple   | Became a worshipper of Kikubaaqudgha
  8350 | D:7      | Found Pufyth's Distillery.
  8449 | D:7      | Found a flagged portal.
  8498 | Bailey   | Entered a bailey
  8568 | Bailey   | Reached skill level 5 in Dodging
  8657 | Bailey   | Acquired Kikubaaqudgha's first power
  8657 | Bailey   | Received a gift from Kikubaaqudgha
  8658 | Bailey   | Identified Kikubaaqudgha's Grimoire of Sinister Arts (Kikubaaqudgha gifted it to you in a bailey)
  8663 | Bailey   | Learned a level 3 spell: Regeneration
  8918 | Bailey   | Noticed an orc knight
  8924 | Bailey   | Killed an orc knight
  8924 | Bailey   | Reached skill level 5 in Fighting
  8924 | Bailey   | Reached skill level 8 in Short Blades
  9141 | Bailey   | Got a pair of shimmering boots
  9147 | Bailey   | Identified the +1 pair of boots "Prutt" {Str+3 Int+3} (You found it in a bailey)
  9173 | D:7      | Noticed Edmund
  9184 | D:7      | Killed Edmund
  9747 | D:7      | Noticed Eustachio
  9752 | D:7      | Killed Eustachio
  9752 | D:7      | Reached XP level 10. HP: 59/59 MP: 26/26
  9757 | D:7      | Reached skill level 9 in Short Blades
  9922 | D:7      | Found a snail-covered altar of Cheibriados.
 10054 | D:8      | Acquired Kikubaaqudgha's second power
 10461 | D:8      | Gained mutation: You can spit poison. [mutagenic meat]
 10462 | D:8      | Gained mutation: You are weak. (Str -2) [mutagenic meat]
 10463 | D:8      | Gained mutation: Potions and wands are less effective at restoring your health. [mutagenic meat]
 11073 | D:8      | Reached skill level 10 in Short Blades
 11176 | D:8      | Noticed a two-headed hydra
 11202 | D:8      | Killed a two-headed hydra
 11314 | D:8      | Noticed an obsidian statue
 11471 | D:8      | Found a blossoming altar of Fedhas.
 11608 | D:9      | Reached skill level 1 in Charms
 11608 | D:9      | Reached skill level 1 in Necromancy
 11613 | D:9      | Found a sacrificial altar of Ru.
 11810 | D:9      | Received a gift from Kikubaaqudgha
 11816 | D:9      | Identified Kikubaaqudgha's Incunabulum of Necromancy (Kikubaaqudgha gifted it to you on level 9 of the Dungeon)
 11822 | D:9      | Learned a level 4 spell: Animate Dead
 12033 | D:9      | Noticed an obsidian statue
 12081 | D:9      | Reached XP level 11. HP: 66/66 MP: 27/27
 12358 | D:9      | Found a staircase to the Lair.
 12568 | D:9      | Noticed Erolcha
 12574 | D:9      | Killed Erolcha
 13459 | D:9      | Reached skill level 5 in Charms
 13666 | D:9      | Acquired Kikubaaqudgha's third power
 13875 | D:10     | Entered Level 10 of the Dungeon
 13891 | D:10     | Found a staircase to the Orcish Mines.
 13897 | D:10     | Gained mutation: You occasionally shout uncontrollably at your foes. [mutagenic meat]
 13899 | D:10     | Gained mutation: You have a pair of small antennae on your head. [mutagenic meat]
 13900 | D:10     | Quit the game

Action                   |  1- 3 |  4- 6 |  7- 9 | 10-12 || total
-------------------------+-------+-------+-------+-------++-------
Melee: Dagger            |   143 |    90 |   297 |   303 ||   833
 Cast: Corona            |     1 |       |     2 |       ||     3
       Ensorcelled Hiber |    46 |    45 |   132 |   121 ||   344
       Confuse           |       |    12 |    60 |    25 ||    97
       Regeneration      |       |       |       |     3 ||     3
       Animate Dead      |       |       |       |    11 ||    11
  Use: Scroll            |       |     6 |    13 |     2 ||    21
       Potion            |       |       |     1 |     2 ||     3
 Stab: Sleeping          |    42 |    43 |   119 |    86 ||   290
       Distracted        |     1 |       |     1 |     1 ||     3
       Confused          |       |     4 |    17 |    15 ||    36
  Eat: Chunk             |     5 |     9 |    18 |    24 ||    56
       Pizza             |       |       |     2 |       ||     2
